 Seeded DCSS version 0.30-a0-913-g9934a0ce24 (webtiles) character file.

Game seed: 6502865647593377280 (custom seed)

2163 billz999 the Skirmisher (level 9, -5/105 HPs)
             Began as a Gnoll Hunter on Mar 20, 2023.
             Was a Follower of Kikubaaqudgha.
             Slain by a wyvern (12 damage)
             ... on level 7 of the Dungeon.
             The game lasted 00:10:01 (5257 turns).

billz999 the Skirmisher (Gnoll Hunter)              Turns: 5257, Time: 00:10:02

Health: -5/105     AC:  3    Str:  9 (10) XL:     9   Next: 32%
Magic:  14/15      EV: 15    Int: 22 (24) God:    Kikubaaqudgha [*.....]
Gold:   346        SH:  0    Dex: 18 (19) Spells: 13/16 levels left

rFire   . . .      SeeInvis +    b - +6 whip of Ymepexal {flame, rC- rCorr Int+8 SInv}
rCold   x . .      Faith    .    (no shield)
rNeg    . . .      Spirit   .    c - +0 leather armour
rPois   .          Reflect  .    (no helmet)
rElec   .          Rampage  .    (no cloak)
rCorr   +                        (no gloves)
Will    .....                    (no boots) Stlth
                                 (no amulet)
HPRegen 0.37/turn                q - +6 ring of intelligence
MPRegen 0.14/turn                (no ring)

@: mighty, berserking, very quick
A: fangs 1, strong nose, distributed training
a: Renounce Religion, Unearth Wretches


You were on level 7 of the Dungeon.
You worshipped Kikubaaqudgha.
Kikubaaqudgha was aware of your devotion.
You visited 2 branches of the dungeon, and saw 8 of its levels.

You collected 346 gold pieces.

Inventory:

Hand Weapons
 a - a +4 arbalest of electrocution
 b - the +6 whip of Ymepexal (weapon) {flame, rC- rCorr Int+8 SInv}
   (You took it off a hobgoblin on level 2 of the Dungeon)

   Int:       It affects your intelligence (+8).
   rC:        It makes you vulnerable to cold.
   SInv:      It lets you see invisible.
   rCorr:     It protects you from acid and corrosion.
 w - a +0 shortbow
Missiles
 u - 9 poisoned darts
Armour
 c - a +0 leather armour (worn)
Jewellery
 q - a +6 ring of intelligence (left hand)
Wands
 f - a wand of acid (10)
 B - a wand of flame (26)
 C - a wand of charming (8)
Scrolls
 h - a scroll of butterflies {unknown}
 i - 3 scrolls of teleportation
 k - 2 scrolls of immolation
 m - a scroll of magic mapping
 o - a scroll of enchant armour {unknown}
 r - a scroll of enchant weapon {unknown}
 s - a scroll of noise
 v - 2 scrolls of amnesia
 y - 2 scrolls of blinking
 A - a scroll of fog
 E - a scroll of brand weapon
Potions
 d - 2 potions of heal wounds
 e - 3 potions of degeneration
 g - 4 potions of might
 l - 2 potions of mutation {unknown}
 n - 3 potions of curing {unknown}
 p - 2 potions of flight {unknown}
 t - a potion of magic {unknown}
 x - 3 potions of attraction {unknown}
 z - a potion of invisibility {unknown}
 D - 3 potions of lignification {unknown}


   Skills:
 + Level 6.3 Fighting
 + Level 4.3 Short Blades
 + Level 4.3 Long Blades
 + Level 4.3 Axes
 + Level 4.3 Maces & Flails
 + Level 4.3 Polearms
 + Level 4.3 Staves
 + Level 9.6 Ranged Weapons
 + Level 4.3 Throwing
 + Level 4.3 Armour
 + Level 6.3 Dodging
 + Level 5.0 Stealth
 + Level 4.3 Shields
 + Level 4.3 Unarmed Combat
 + Level 4.3 Spellcasting
 + Level 3.5 Conjurations
 + Level 3.5 Hexes
 + Level 3.5 Summonings
 + Level 3.5 Necromancy
 + Level 3.5 Translocations
 + Level 3.5 Transmutations
 + Level 3.5 Fire Magic
 + Level 3.5 Ice Magic
 + Level 3.5 Air Magic
 + Level 3.5 Earth Magic
 + Level 3.5 Poison Magic
 + Level 4.7 Invocations
 + Level 4.3 Evocations


You had 13 spell levels left.
You knew the following spells:

 Your Spells              Type           Power      Damage    Failure   Level
a - Mephitic Cloud        Conj/Pois/Air  20%        N/A       11%         3

Your spell library contained the following spells:

 Spells                   Type           Power      Damage    Failure   Level
 Beastly Appendage        Tmut           40%        N/A       3%          1
 Magic Dart               Conj           80%        1d7       3%          1
 Necrotise                Necr           80%        1d8       3%          1
 Call Imp                 Summ           20%        N/A       5%          2
 Cigotuvi's Dreadful Rot  Necr/Pois/Air  40%        N/A       5%          2
 Sublimation of Blood     Necr           20%        N/A       5%          2
 Wereblood                Tmut           20%        N/A       5%          2
 Portal Projectile        Hex/Tloc       40%        N/A       11%         3
 Spider Form              Tmut/Pois      20%        N/A       11%         3
 Tukima's Dance           Hex            20%        N/A       11%         3
 Animate Dead             Necr           20%        N/A       34%         4
 Blade Hands              Tmut           10%        N/A       67%         5


Dungeon Overview and Level Annotations

Branches:
Dungeon (7/15)             Temple (1/1) D:5

Altars:
Ashenzari
Cheibriados
Dithmenos
Fedhas
Gozag
Hepliaklqana
Kikubaaqudgha
Makhleb
Nemelex Xobeh
Okawaru
Qazlal
Ru
Sif Muna
Trog
Uskayaw
Vehumet
Wu Jian
Xom
Yredelemnul
Zin
The Shining One

Shops:
D:1 *   D:2 [


Innate Abilities, Weirdness & Mutations

You have very sharp teeth.
Your uncanny sense of smell can sniff out nearby items.
Your experience applies equally to all skills.


Message History

You shoot a bolt. The bolt closely misses the wyvern.
The wyvern closely misses you. The wyvern bites you!
You open the door. The wyvern bites you! The wyvern attacks as you move away!
The wyvern barely misses you. The wyvern closely misses you.
There is an open door here.
The ice beast attacks as you move away! The ice beast hits you.
* * * LOW HITPOINT WARNING * * *
The ice beast freezes you!
* * * LOW HITPOINT WARNING * * *
It was a potion of heal wounds.
You feel much better. The wyvern bites you. The wyvern bites you!
* * * LOW HITPOINT WARNING * * *
It was a potion of degeneration.
There was something very wrong with that liquid.
You feel weakened.
You feel dopey.
You feel clumsy. The wyvern bites you.
* * * LOW HITPOINT WARNING * * *
It was a potion of might.
You feel very mighty all of a sudden. The wyvern bites you.
* * * LOW HITPOINT WARNING * * *
The wyvern closely misses you.
It was a potion of berserk rage.
A red film seems to cover your vision as you go berserk!
You feel yourself moving faster!
You feel mighty! The wyvern misses you.
Really attack while wielding your +4 arbalest of electrocution?
Okay, then.
Your +4 arbalest of electrocution stops crackling.
You feel clever.
The +6 whip of Ymepexal {flame, rC- rCorr Int+8 SInv} bursts into flame!
b - the +6 whip of Ymepexal (weapon)
{flame, rC- rCorr Int+8 SInv} You feel a strong urge to attack something.
The wyvern bites you.
* * * LOW HITPOINT WARNING * * *
You whack the wyvern! You burn the wyvern.
The wyvern is heavily wounded.
The wyvern bites you!
You die...
Kikubaaqudgha rasps: "You have failed me!
Welcome... death!"

.*###########..........*
.##.................#*,* ******
...................>#*,****,,,,**
*#.........#<###....#*∆#,,,,**,,,
##..##.####.## ##.#.##.#...,,***,
....##.#**###***##.........*,,*,,
....##..,,,,,,,,,##.##..#.***,,,*
..#.#####8###8#####.#*,,,,,*,,*,,
###.# *8∩.......@lY.#*,***,,,***,
.##.#######8###8##s))#,* **,,* **
#..#........,...,#..)..#**,,,***,
.##.############*#........∆*,,*,,
**#.# *,*,*,......##.***,,,*
**#.### *,,,**......#*,,*,,*,,
.##.!.# *,,,,....?###*,,,,***,
.[..#.# *,*,,###..# *,*,,* **
.##.#.# *,,,*,,,*,** *,*,**


You could see a wyvern, an ice beast and a scorpion.

Vanquished Creatures
  A yak (D:6)
  A steam dragon (D:7)
  A water moccasin (D:6)
  A black bear (D:6)
  An ice beast (D:6)
  A centaur (D:5)
  An ogre (D:5)
  2 phantoms
  A bullfrog (D:6)
  3 scorpions
  4 wights (D:7)
  3 howler monkeys
  3 jellies
  A hound (D:6)
  A gnoll bouda (D:4)
  A sleepcap (D:7)
  4 iguanas
  Natasha (D:3)
  4 orc wizards
  Robin (D:4)
  8 gnolls
  10 adders
  3 white imps
  2 ufetubi (D:4)
  2 dart slugs
  20 orcs
  7 endoplasms
  4 giant cockroaches
  15 goblins
  9 hobgoblins
  12 jackals
  3 quokkas
  6 ball pythons
  5 bats
  5 frilled lizards
  15 kobolds
  5 rats
167 creatures vanquished.

Vanquished Creatures (others)
  A demonic plant (D:2)
  2 fungi (D:2)
  2 plants (D:2)
5 creatures vanquished.

Grand Total: 172 creatures vanquished

Notes
Turn   | Place    | Note
-------+----------+-------------------------------------------
     0 | D:1      | billz999 the Gnoll Hunter began the quest for the Orb.
     0 | D:1      | Reached XP level 1. HP: 20/20 MP: 1/1
   264 | D:1      | Reached XP level 2. HP: 26/26 MP: 2/2
   281 | D:1      | Found Kut Ham's General Store.
   645 | D:2      | Reached XP level 3. HP: 31/31 MP: 3/3
   683 | D:2      | Identified the +6 whip of Ymepexal {flame, rC- rCorr Int+8
                  | SInv}
   740 | D:2      | Reached skill level 1 in Invocations
   744 | D:2      | Identified the +6 whip "Irogiuwk" {distort, rC- Dex+3 SInv}
   745 | D:2      | Found Leilausa's Armour Boutique.
   772 | D:2      | You fall into a shaft and drop 1 floor!
   870 | D:3      | Reached skill level 1 in Short Blades
   870 | D:3      | Reached skill level 1 in Long Blades
   870 | D:3      | Reached skill level 1 in Axes
   870 | D:3      | Reached skill level 1 in Maces & Flails
   870 | D:3      | Reached skill level 1 in Polearms
   870 | D:3      | Reached skill level 1 in Staves
   870 | D:3      | Reached skill level 1 in Throwing
   870 | D:3      | Reached skill level 1 in Armour
   870 | D:3      | Reached skill level 1 in Shields
   870 | D:3      | Reached skill level 1 in Unarmed Combat
   870 | D:3      | Reached skill level 1 in Spellcasting
   870 | D:3      | Reached skill level 1 in Evocations
  1047 | D:3      | Noticed a phantom
  1050 | D:3      | Learned a level 3 spell: Mephitic Cloud
  1055 | D:3      | Killed a phantom
  1056 | D:3      | Reached skill level 1 in Conjurations
  1056 | D:3      | Reached skill level 1 in Hexes
  1056 | D:3      | Reached skill level 1 in Summonings
  1056 | D:3      | Reached skill level 1 in Necromancy
  1056 | D:3      | Reached skill level 1 in Translocations
  1056 | D:3      | Reached skill level 1 in Transmutations
  1056 | D:3      | Reached skill level 1 in Fire Magic
  1056 | D:3      | Reached skill level 1 in Ice Magic
  1056 | D:3      | Reached skill level 1 in Air Magic
  1056 | D:3      | Reached skill level 1 in Earth Magic
  1056 | D:3      | Reached skill level 1 in Poison Magic
  1056 | D:3      | Reached XP level 4. HP: 23/38 MP: 4/6
  1056 | D:3      | Reached XP level 5. HP: 26/43 MP: 4/7
  1235 | D:2      | Found a faded altar of an unknown god.
  2015 | D:3      | Noticed Natasha
  2016 | D:3      | Killed Natasha
  2247 | D:4      | Reached XP level 6. HP: 40/50 MP: 8/8
  2405 | D:4      | Reached skill level 5 in Fighting
  2405 | D:4      | Reached skill level 5 in Dodging
  2846 | D:4      | Reached XP level 7. HP: 56/56 MP: 10/10
  2890 | D:4      | Noticed Robin
  2893 | D:4      | Killed Robin
  3332 | D:5      | Entered Level 5 of the Dungeon
  3556 | D:5      | Reached skill level 9 in Ranged Weapons
  3751 | D:5      | Found a staircase to the Ecumenical Temple.
  3760 | Temple   | Entered the Ecumenical Temple
  3804 | Temple   | Became a worshipper of Kikubaaqudgha
  3983 | D:6      | Reached XP level 8. HP: 63/63 MP: 12/12
  4952 | D:6      | Noticed a yak
  4959 | D:6      | Killed a yak
  4960 | D:6      | Reached XP level 9. HP: 69/69 MP: 8/14
  4960 | D:6      | Reached * piety under Kikubaaqudgha
  4960 | D:6      | Received a gift from Kikubaaqudgha
  5246 | D:7      | Reached skill level 5 in Stealth
  5257 | D:7      | Slain by a wyvern

Illustrated notes

Levels and vault maps discovered:
D:1:      dpeg_arrival_castle, layout_loops_ring, serial_shops, shop
D:2:      layout_loops_ring, shapermc_ecumenical_altar_gd, serial_shops, shop,
          minmay_goblin_kobold_house
D:3:      minmay_diamond_boxcup, layout_rooms, uniq_natasha
D:4:      layout_basic, uniq_robin
D:5:      layout_rooms, minmay_temple_entry_glassed_door, serial_curves,
          eino_curves_01, eino_curves_04, serial_park_tiny_2, dk_noncrumbling_2,
          kennysheep_generic_room_6
D:6:      minmay_razor_zed, layout_layer_cave, serial_glass, glass_columns_a,
          glass_columns_c
D:7:      layout_loops_ring, nicolae_elyvilon_temple_path, enter_bailey_8,
          minmay_strange_pillars, minmay_manual_mail
Temple:   nicolae_temple_the_god_donut

Skill      XL: |  1  2  3  4  5  6  7  8  9 |
---------------+----------------------------+-----
Invocations    | 1 2 3 4 |  4.7
Short Blades   | 1 2 3 4 |  4.3
Long Blades    | 1 2 3 4 |  4.3
Axes           | 1 2 3 4 |  4.3
Maces & Flails | 1 2 3 4 |  4.3
Polearms       | 1 2 3 4 |  4.3
Staves         | 1 2 3 4 |  4.3
Throwing       | 1 2 3 4 |  4.3
Armour         | 1 2 3 4 |  4.3
Shields        | 1 2 3 4 |  4.3
Unarmed Combat | 1 2 3 4 |  4.3
Spellcasting   | 1 2 3 4 |  4.3
Evocations     | 1 2 3 4 |  4.3
Conjurations   | 1 2 3 |  3.5
Hexes          | 1 2 3 |  3.5
Summonings     | 1 2 3 |  3.5
Necromancy     | 1 2 3 |  3.5
Translocations | 1 2 3 |  3.5
Transmutations | 1 2 3 |  3.5
Fire Magic     | 1 2 3 |  3.5
Ice Magic      | 1 2 3 |  3.5
Air Magic      | 1 2 3 |  3.5
Earth Magic    | 1 2 3 |  3.5
Poison Magic   | 1 2 3 |  3.5
Stealth        | 3 4 5 |  5.0
Fighting       | 5 6 |  6.3
Dodging        | 5 6 |  6.3
Ranged Weapons | 9 |  9.6

Action                     |  1- 3 |  4- 6 |  7- 9 || total
---------------------------+-------+-------+-------++-------
  Melee: Whip              |       |    16 |    32 ||    48
         Bite              |       |       |     2 ||     2
         Punch             |       |       |     1 ||     1
   Fire: Shortbow          |    99 |    22 |       ||   121
         Arbalest          |       |    74 |   115 ||   189
   Cast: Mephitic Cloud    |       |       |     4 ||     4
    Use: Scroll            |       |       |     9 ||     9
         Potion            |       |       |     4 ||     4
 Armour: Leather armour    |     8 |    14 |     9 ||    31
  Dodge: Dodged            |    29 |    68 |    83 ||   180

Table legend: (Time is in decaauts)
 A = Elapsed time spent in this place.
 B = Non-inter-level travel time spent in this place.
 C = Inter-level travel time spent in this place.
 D = Time resting spent in this place.
 E = Time spent auto-exploring this place.
 F = Levels seen in this place.
 G = Mean time per level.
                   A        B        C        D        E       F      G
               +--------+--------+--------+--------+--------+-----+--------+
         Total |   5364 |   5178 |    186 |    592 |   3723 |   8 |  670.5 |
       Dungeon |   5306 |   5133 |    173 |    592 |   3699 |   7 |  758.0 |
        Temple |     57 |     44 |     13 |      0 |     24 |   1 |   57.0 |
               +--------+--------+--------+--------+--------+-----+--------+

Top non-repeatable levels by time:
     D:6: 1213 daAuts
     D:3: 1066 daAuts
     D:2: 948 daAuts
     D:4: 792 daAuts
     D:1: 649 daAuts
     D:5: 543 daAuts
     D:7: 92 daAuts
  Temple: 57 daAuts
